 Dungeon Crawl Stone Soup version 0.20-a0-1058-g0491fde (webtiles) character file.

93 Gorglomux the Chopper (level 4, -6/39 HPs)
             Began as a Hill Orc Monk on Apr 26, 2017.
             Killed by nerve-wracking pain
             ... invoked by an orc priest
              (14 damage)
             ... on level 4 of the Dungeon.
             The game lasted 00:02:21 (2697 turns).

Gorglomux the Chopper (Hill Orc Monk)               Turns: 2697, Time: 00:02:21

Health: -6/39      AC:  6    Str: 14    XL:     4   Next: 62%
Magic:  4/4        EV: 11    Int: 10    God:
Gold:   162        SH:  0    Dex: 13    Spells: 3/3 levels left

rFire    . . .     SeeInvis .   a - +0 hand axe
rCold    . . .     Gourm    .   (no shield)
rNeg     . . .     Faith    .   w - +0 ring mail
rPois    .         Spirit   .   (no helmet)
rElec    .         Reflect  .   (no cloak)
rCorr    .         Harm     .   r - +0 pair of gloves
MR       .....                  (no boots)
Stlth    +.........             (no amulet)
Regen    0.2/turn               (no ring)
MPRegen  0.1/turn               (no ring)

@: no status effects
A: no striking features
a: Convert to Beogh


You were on level 4 of the Dungeon.
You were not hungry.

You visited 1 branch of the dungeon, and saw 4 of its levels.

You collected 162 gold pieces.

Inventory:

Hand Weapons
 a - a +0 hand axe (weapon)
Armour
 b - a +0 robe
 r - a +0 pair of gloves (worn)
   (You found it on level 2 of the Dungeon)
 w - a +0 ring mail (worn)
   (You found it on level 3 of the Dungeon)
Jewellery
 g - an uncursed ring of fire {rF+, rC-}
   (You found it on level 1 of the Dungeon)
 v - an uncursed ring of magical power {unknown}
   (You found it on level 3 of the Dungeon)
Scrolls
 e - a scroll of immolation {unknown}
 f - 6 scrolls of teleportation {unknown}
 h - 2 scrolls of fog {unknown}
 k - a scroll of blinking {unknown}
 m - 2 scrolls of remove curse {unknown}
 o - 4 scrolls of identify {unknown}
 q - 2 scrolls of fear {unknown}
 s - 2 scrolls of noise {unknown}
Potions
 d - a potion of mutation {unknown}
 j - a potion of might {unknown}
 l - 2 potions of invisibility {unknown}
 n - a potion of curing {unknown}
 p - 2 potions of heal wounds {unknown}
Comestibles
 c - 4 bread rations {@e1@e1}
 i - 3 fruits
 t - 2 meat rations {@e2@e2}


   Skills:
 - Level 3.6 Fighting
 + Level 6.9 Axes
 - Level 2.4 Dodging
 - Level 1.5 Stealth


You had 3 spell levels left.
You didn't know any spells.

Dungeon Overview and Level Annotations

Branches:
Dungeon (4/15)
 Temple: D:4-7

Altars:
Cheibriados
Wu Jian


Message History

Unknown command.
No target in view!
You see here a bat corpse.
You butcher the bat corpse.
u - a chunk of flesh {@w0@w0} Done exploring.
Health restored: 39 Done exploring.
No target in view!
Done exploring.
No target in view!
Done exploring.
(D) Dungeon
Where to? (Enter - D:3, ? - help)
There is a stone staircase leading down here.
You are feeling hungry.
You climb downwards.
There is a stone staircase leading up here.
No target in view!
Eating a chunk of flesh {@w0@w0}.
You eat the chunk of flesh {@w0@w0}.
Found a stone staircase leading down.
f - 6 scrolls labeled DIUCSASCH GUYTI (gained 1)
You now have 162 gold pieces (gained 10).
t - 2 meat rations {@e2@e2} (gained 1)
You see here 12 stones.
No target in view! 2 orc priests come into view.
The orc priest threatens, "By the altar or by the axe, you will meet Beogh!" (press Y on the ability menu to convert to Beogh)
The orc priest shouts!
The orc priest casts a cantrip, but nothing happens.
You see here 12 stones.
You start waiting.
You start waiting.
The orc priest shouts, "Surrender to Beogh and we'll let you live!"
The orc priest hits you but does no damage.
You see here 12 stones.
You closely miss the orc priest. You hit the orc priest.
The orc priest shouts, "Beogh is our master!
Accept the truth or die!"
The orc priest invokes the aid of Beogh against you.
Pain shoots through your body!
Unknown command.
You take 1 damage, and have 38/39 hp.
You hit the orc priest.
The orc priest shouts, "Join the one true god or die!"
You hit the orc priest. The orc priest closely misses you. x2
An orc comes into view. It is wielding a whip.
Unknown command.
You closely miss the orc priest.
The orc shouts!
The orc priest shouts, "Beogh is our master!
Accept the truth or die!"
You hit the orc priest.
The orc priest calls upon Beogh to heal the orc priest.
The orc priest is healed somewhat.
The orc priest misses you.
You hear a shout!
Unknown command.
You hit the orc priest. x2
The orc priest shouts, "Beogh is our master!
Accept the truth or die!"
The orc priest calls down the wrath of Beogh upon you.
Beogh smites you!
The orc priest calls upon Beogh to heal the orc priest.
The orc priest is healed somewhat.
You take 11 damage, and have 27/39 hp.
MASSIVE DAMAGE!!
You closely miss the orc priest. You hit the orc priest.
The orc priest shouts, "Join the one true god or die!"
The orc priest hits you but does no damage.
The orc priest hits you with a falchion.
You take 2 damage, and have 25/39 hp.
The orc priest shouts, "Beogh is our master!
Accept the truth or die!"
You hit the orc priest.
You hit the orc priest but do no damage.
The orc priest threatens, "By the altar or by the axe, you will meet Beogh!"
The orc priest calls upon Beogh to heal the orc priest.
The orc priest is healed somewhat.
Unknown command.
You hit the orc priest but do no damage.
The orc priest shouts, "Beogh is our master!
Accept the truth or die!"
The orc priest threatens, "By the altar or by the axe, you will meet Beogh!"
You hit the orc priest.
The orc priest invokes the aid of Beogh against you.
Beogh smites you!
The orc priest shouts, "Join the one true god or die!"
The orc priest closely misses you.
You take 12 damage, and have 13/39 hp.
MASSIVE DAMAGE!!
You are too injured to fight recklessly!
You hit the orc priest but do no damage.
You completely miss the orc priest.
The orc priest invokes the aid of Beogh against you.
Pain shoots through your body!
The orc priest shouts, "Surrender to Beogh and we'll let you live!"
The orc priest hits you with a short sword.
* * * LOW HITPOINT WARNING * * *
You take 5 damage, and have 8/39 hp.
You closely miss the orc priest. x2
The orc priest calls down the wrath of Beogh upon you.
Pain shoots through your body!
You die...

.# .# .### $..
##.##
####...#####
#ooo.......#
#@##...#.#.##
#.###.(.o.o.
##.###.....(.
..##...##(#.....
#......[...#..#.#
##.##.#.#..#.## #
# #.###...#.# ..#
##....# ###.
##.....#


You could see 2 orc priests and an orc.

Vanquished Creatures
  4 adders
  A worm (D:3)
  4 dart slugs
  A leopard gecko (D:2)
  An orc (D:3)
  5 bats
  A giant cockroach (D:1)
  A goblin (D:1)
  5 hobgoblins
  7 jackals
  A quokka (D:2)
  4 ball pythons
  A frilled lizard (D:3)
  5 kobolds
  2 rats
43 creatures vanquished.

Notes
Turn   | Place    | Note
-------+----------+-------------------------------------------
     0 | D:1      | Gorglomux the Hill Orc Monk began the quest for the Orb.
     0 | D:1      | Reached XP level 1. HP: 19/19 MP: 1/1
   339 | D:1      | Reached XP level 2. HP: 15/26 MP: 2/2
   591 | D:1      | Reached skill level 5 in Axes
  1083 | D:2      | Reached XP level 3. HP: 20/31 MP: 3/3
  1351 | D:2      | Found a snail-covered altar of Cheibriados.
  1544 | D:2      | Found an ornate altar of the Wu Jian Council.
  1798 | D:2      | Reached skill level 6 in Axes
  1954 | D:3      | Reached XP level 4. HP: 30/39 MP: 4/4
  2696 | D:4      | HP: 8/39 [orc priest/short sword (4)]
  2697 | D:4      | Killed from afar by an orc priest

Vault maps used:
D:1:      dpeg_arrival_simpleton_a, st_stairs_5, hangedman_decor_points
D:2:      marbit_many_paths, kennysheep_slug_shrine, first_bread,
          nrook_loot_triangle
D:4:      cheibrodos_fertilizer, minitemple

Skill      XL: |  1  2  3 |
---------------+----------+-----
Axes           | 5 6 |  6.9
Fighting       | |  3.6
Dodging        | |  2.4
Stealth        | |  1.5

Action                   |  1- 3 |  4- 6 || total
-------------------------+-------+-------++-------
Melee: Hand axe          |    88 |    64 ||   152
 Stab: Sleeping          |     2 |     2 ||     4
  Eat: Chunk             |     3 |     3 ||     6
Armor: Robe              |    25 |     6 ||    31
       Ring mail         |       |    15 ||    15
Dodge: Dodged            |    68 |    45 ||   113

Vault maps used:
D:1:      dpeg_arrival_simpleton_a, st_stairs_5, hangedman_decor_points
D:2:      marbit_many_paths, kennysheep_slug_shrine, first_bread,
          nrook_loot_triangle
D:4:      cheibrodos_fertilizer, minitemple

Table legend:
 A = Turns spent in this place as a percentage of turns spent in the entire game.
 B = Non-inter-level travel turns spent in this place as a percentage of non-inter-level travel turns spent in the entire game.
 C = Inter-level travel turns spent in this place as a percentage of turns spent in this place.
 D = Turns resting spent in this place as a percentage of non-inter-level travel turns spent in this place.
 E = Turns spent auto-exploring this place as a percentage of non-inter-level travel turns spent in this place.
 F = Non-inter-level travel turns spent in this place divided by the number of levels of this place that you've seen.
                   A       B       C       D       E      F
               +-------+-------+-------+-------+-------+----------------------
         Total | 100.0 | 100.0 |   0.4 |   2.5 |  10.8 | 179.8
       Dungeon | 100.0 | 100.0 |   0.4 |   2.5 |  10.8 | 179.8
               +-------+-------+-------+-------+-------+----------------------

Table legend:
 A = Kills in this place as a percentage of kills in entire the game.
 B = Kills by you in this place as a percentage of kills by you in the entire game.
 C = Kills by friends in this place as a percentage of kills by friends in the entire game.
 D = Other kills in this place as a percentage of other kills in the entire game.
 E = Experience gained in this place as a percentage of experience gained in the entire game.
 F = Experience gained in this place divided by the number of levels of this place that you have seen.
                   A       B       C       D       E      F
               +-------+-------+-------+-------+-------+----------------------
         Total | 100.0 | 100.0 |  -nan |  -nan | 100.0 |  33.5
       Dungeon | 100.0 | 100.0 |  -nan |  -nan | 100.0 |  33.5
               +-------+-------+-------+-------+-------+----------------------
